 Dungeon Crawl Stone Soup version 0.20-a0-723-gf57855b (webtiles) character file.

9 M4edhros the Charlatan (level 2, -5/18 HPs)
             Began as an Octopode Artificer on Feb 22, 2017.
             Slain by a two-headed ogre
             ... wielding a +0 dire flail
              (14 damage)
             ... on level 3 of the Dungeon.
             The game lasted 00:00:19 (263 turns).

M4edhros the Charlatan (Octopode Artificer)          Turns: 263, Time: 00:00:20

Health: -5/18      AC:  1    Str: 16    XL:     2   Next: 16%
Magic:  4/4        EV: 13    Int: 13    God:
Gold:   33         SH:  0    Dex: 12    Spells: 1/1 levels left

rFire    . . .     SeeInvis .   a - +0 short sword
rCold    . . .     Gourm    .   (no shield)
rNeg     . . .     Faith    .   (helmet restricted)
rPois    .         Spirit   .   (no amulet)
rElec    .         Reflect  .   (no ring)
rCorr    .         Harm     .   (no ring)
MR       .....                  (no ring)
Stlth    +++.......             (no ring)
Regen    0.1/turn               (no ring)
MPRegen  0.1/turn               (no ring)
                                (no ring)
                                (no ring)

@: mighty, lethally poisoned (-5 -> -10), very slightly contaminated, invisible
A: almost no armour, stealthy swim, amphibious, 8 rings, constrict 8, camouflage
1, gelatinous body 1
a: no special abilities


You were on level 3 of the Dungeon.
You were not hungry.

You visited 1 branch of the dungeon, and saw 3 of its levels.

You collected 33 gold pieces.

Inventory:

Hand Weapons
 a - a +0 short sword (weapon)
Missiles
 e - a stone (quivered)
Wands
 b - a wand of flame (15/48)
 c - a wand of enslavement (15/24)
 d - a wand of random effects (15/48)
Scrolls
 k - a scroll of teleportation {unknown}
Comestibles
 f - a bread ration
 h - a royal jelly
 i - a meat ration


   Skills:
 - Level 1.0 Fighting
 - Level 1.0 Short Blades
 - Level 2.0 Dodging
 + Level 3.1 Stealth
 - Level 3.2 Evocations


You had one spell level left.
You didn't know any spells.

Dungeon Overview and Level Annotations

Branches:
Dungeon (3/15)

Altars:
Nemelex Xobeh


Innate Abilities, Weirdness & Mutations

You cannot wear most types of armour.
You are very stealthy in the water. (Stealth+)
You are amphibious.
You can wear up to eight rings at the same time.
You can use your tentacles to constrict eight enemies at once.
Your skin changes colour to match your surroundings (Stealth+).
Your rubbery body absorbs attacks. (AC +1, EV +1)


Message History

You feel very mighty all of a sudden.
You hit the two-headed ogre.
The two-headed ogre is lightly wounded.
You feel sick.
The two-headed ogre shouts in stereo!
You puncture the orc!
You kill the orc!
Your Stealth skill increases to level 3!
You have reached level 2!
You catch the helpless orc completely off-guard!
You puncture the orc!
You kill the orc!
You feel sick.
You completely miss the two-headed ogre.
The two-headed ogre is lightly wounded.
You barely miss the two-headed ogre.
The two-headed ogre is lightly wounded.
The two-headed ogre hits you with a dire flail!
Ouch! That really hurt!
You die...

##§.§##...#§§§§§##
#§.§§§#...#.§§.§##
##§§§##.8.#§§§.§##
###§###...##§.§###
#######...########
#####'''#######
#.....# ####
####.##....##
#@##.....#
#O#).....<
#rK?o.....
##oo......
.o....o..
##.....K..
#.(......
#..>.....
###......


You could see a two-headed ogre, an orc wizard, 2 orcs, a kobold and a rat.

Vanquished Creatures
  3 orcs (D:3)
  A bat (D:2)
  A goblin (D:1)
  A kobold (D:1)
  A rat (D:2)
7 creatures vanquished.

Notes
Turn   | Place    | Note
-------+----------+-------------------------------------------
     0 | D:1      | M4edhros the Octopode Artificer began the quest for the Orb.
     0 | D:1      | Reached XP level 1. HP: 13/13 MP: 3/3
   235 | D:3      | Found a sparkling altar of Nemelex Xobeh.
   251 | D:3      | Noticed a two-headed ogre
   253 | D:3      | Noticed an orc wizard
   260 | D:3      | Reached XP level 2. HP: 10/18 MP: 4/4
   263 | D:3      | Slain by a two-headed ogre

Vault maps used:
D:1:      minmay_arrival_three_doors, serial_co_window_serial,
          co_window_cross_1, co_window_of_opportunity_a, co_window_paths_b,
          co_window_paths_a, co_window_corner_a, co_window_corner_a,
          co_window_paths_a, co_window_paths_a, co_window_paths_a,
          co_window_unsneaky_path_a, co_window_of_opportunity_c,
          co_window_corner_b, co_window_paths_e, co_window_4corner_b,
          glass_columns_b, glass_columns_a, kennysheep_small_spiral
D:2:      first_bread, serial_co_window_serial, co_window_paths_a,
          co_window_cross_1, co_window_of_opportunity_a, co_window_paths_a,
          co_window_of_opportunity_a, co_window_of_opportunity_c,
          co_window_corner_b, co_window_corner_b, co_window_paths_c,
          co_window_paths_c, co_window_of_opportunity_c, co_window_2corner,
          wad_floor_pattern_untrapped, led_sif_pool
D:3:      nicolae_qazlal_eye_of_the_storm, nemelex_altar_shiori, uniq_jessica

Skill      XL: |  1 |
---------------+----+-----
Stealth        | 3 |  3.1
Fighting       | |  1.0
Short Blades   | |  1.0
Dodging        | |  2.0
Evocations     | |  3.2

Action                   || total
-------------------------++-------
Melee: Short sword       ||    12
       Constrict         ||     3
       Tentacles         ||     2
  Use: Potion            ||     2
 Stab: Sleeping          ||     1
       Invisible         ||     1
Dodge: Dodged            ||     4
